 Dungeon Crawl Stone Soup version 0.19.1-1-g22dce08 (webtiles) character file.

80022 Colliwobble the Brawler (level 15, -5/145 HPs)
             Began as a Troll Monk on Jan 1, 2017.
             Was a High Priest of Trog.
             Slain by an ice beast (8 damage)
             ... summoned by an ice statue
             ... on level 1 of the Shoals.
             The game lasted 00:53:07 (18410 turns).

Colliwobble the Brawler (Troll Monk)               Turns: 18410, Time: 00:53:08

Health: -5/145     AC: 11    Str: 28    XL:     15   Next: 22%
Magic:  14/14      EV: 12    Int:  6    God:    Trog [*****.]
Gold:   2011       SH: 11    Dex: 10    Spells: 0 memorised, 14 levels left

rFire  . . .     SeeInvis +       - Unarmed
rCold  . . .     Gourm    +     k - +0 troll leather armour
rNeg   + . .     Faith    .     M - +0 shield {reflect}
rPois  +         Spirit   .     y - +2 hat
rElec  .         Reflect  +     c - +1 cloak {rPois}
rCorr  .         Harm     .     (gloves unavailable)
MR     ++...                    (boots unavailable)
Stlth  +.........               r - amulet of regeneration
                                H - ring of protection from magic
                                p - ring "Gehae" {rPois rN+ SInv}

@: about to teleport
A: unfitting armour, claws 3, clumsy 1, fast metabolism 3, gourmand,
regeneration 1, shaggy fur 1, tough skin 2
a: Berserk, Trog's Hand, Brothers in Arms, Burn Spellbooks, Renounce Religion


You were on level 1 of the Shoals.
You worshipped Trog.
Trog was extremely pleased with you.
You were completely stuffed.

You visited 4 branches of the dungeon, and saw 22 of its levels.

You collected 2186 gold pieces.
You spent 175 gold pieces at shops.

Inventory:

Hand Weapons
 w - a +1 blowgun
 B - a +2 flail of protection
 P - the +7 flail of Keemnyth {flame, rN+ Str+2 Int+4 SInv}
   (You found it on level 2 of the Lair of Beasts)

   It has been specially enchanted to burn those struck by it, causing extra
   injury to most foes and up to half again as much damage against particularly
   susceptible opponents.
   It affects your strength (+2).
   It affects your intelligence (+4).
   It protects you from negative energy.
   It lets you see invisible.
 X - the +7 giant spiked club of the Doomed Warrior {crush, rElec Str+3, unknown}
   (Trog gifted it to you on level 10 of the Dungeon)

   It inflicts extra damage upon your enemies.
   It affects your strength (+3).
   It insulates you from electricity.
Missiles
 a - 2 curare-tipped needles
 i - 51 poisoned needles
 l - 32 large rocks (quivered)
Armour
 c - a +1 cloak of poison resistance (worn)
 k - a +0 troll leather armour (worn)
 y - a +2 hat (worn)
 M - a +0 shield of reflection (worn)
Jewellery
 p - the ring "Gehae" (left claw) {rPois rN+ SInv}
   (You found it on level 12 of the Dungeon)

   [ring of positive energy]

   It protects you from poison.
   It protects you from negative energy.
   It lets you see invisible.
 r - an amulet of regeneration (around neck)
 A - an uncursed ring of protection from cold
 H - a ring of protection from magic (right claw)
 R - an uncursed ring of resist corrosion
Wands
 e - a wand of heal wounds (8/9)
 h - a wand of acid (11/15)
 t - a wand of hasting (4/9)
 C - a wand of teleportation (3/9)
 O - a wand of digging (10/24)
Scrolls
 f - 6 scrolls of enchant weapon
 g - 9 scrolls of remove curse
 o - 6 scrolls of fog
 q - 4 scrolls of enchant armour
 s - 3 scrolls of recharging
 D - a scroll of blinking
 E - 3 scrolls of teleportation
 G - a scroll of magic mapping
 K - a scroll of fear
Potions
 d - 3 potions of flight
 v - 3 potions of brilliance
 x - 3 potions of heal wounds
 F - 8 potions of curing
 I - 5 potions of agility
 J - 3 potions of might
 L - a potion of invisibility
 Q - 2 potions of resistance
 S - 4 potions of haste
 U - 2 potions of ambrosia
 Y - a potion of cancellation {unknown}
 Z - 3 potions of berserk rage {unknown}
Miscellaneous
 N - a phantom mirror
 T - a lamp of fire
 V - a fan of gales
Comestibles
 b - 13 bread rations
 j - 7 meat rations
 m - 20 fruits
 u - 8 royal jellies
 z - 3 slices of pizza


   Skills:
 - Level 8.6 Fighting
 - Level 9.3 Throwing
 - Level 8.6 Dodging
 - Level 1.0 Stealth
 + Level 7.6 Shields
 + Level 17.6 Unarmed Combat


You had 14 spell levels left.
You didn't know any spells.

Dungeon Overview and Level Annotations

Branches:
Dungeon (14/15)            Temple (0/1) D:7            Lair (5/6) D:9
 Shoals (1/4) Lair:3       Spider (0/4) Lair:4        Slime (0/5) Lair:5
    Orc (2/2) D:11            Elf (0/3) Orc:2
 Vaults: D:13-14

Altars:
Fedhas
Nemelex Xobeh
Trog
Vehumet
Xom
Zin
The Shining One
Jiyva

Shops:
D:5 !   D:6 :   D:11 *   Orc:2 ((:[(

Portals:
Trove: D:12 (give 20 scrolls of identify)

Annotations:
Shoals:1 exclusion: ice statue


Innate Abilities, Weirdness & Mutations

You are too large for most types of armour.
You have claws for hands.
Your metabolism is lightning-fast.
You like to eat raw meat.
Your natural rate of healing is unusually fast.
You are covered in fur. (AC +1)
You have very tough skin. (AC +2)
You are clumsy. (Dex -2)


Message History

* * * LOW HITPOINT WARNING * * *
The harpy closely misses you.
The ice beast hits you but does no damage.
Evoke which item? (* to show all) (? for menu, Esc to quit)
Zapping:
C - a wand of teleportation (4/9)
Press: ? - help, Shift-Dir - straight line, f - you You feel strangely unstable.
This wand has 3 charges left.
The harpy claws you!
* * * LOW HITPOINT WARNING * * *
You block the harpy's attack. The harpy barely misses you. The harpy claws you.
* * * LOW HITPOINT WARNING * * *
You block the harpy's attack. The harpy claws you but does no damage.
The harpy misses you. The harpy claws you but does no damage.
The harpy closely misses you. The harpy barely misses you.
The snapping turtle closely misses you. The harpy closely misses you.
The harpy claws you.
* * * LOW HITPOINT WARNING * * *
You block the merfolk's attack. The ice beast hits you.
* * * LOW HITPOINT WARNING * * *
The ice beast freezes you!
You die...

≈≈≈≈≈≈≈≈≈≈≈≈≈≈≈≈
≈≈≈≈≈≈≈≈≈≈≈≈≈≈≈≈
≈≈≈≈≈≈≈≈≈≈≈≈≈≈≈≈
.≈≈≈≈≈≈≈≈≈≈≈≈≈≈≈
≈≈≈≈≈≈≈≈≈≈≈≈≈≈≈≈
≈≈≈≈≈≈≈H....≈≈..
≈≈≈≈≈≈≈H)....≈..
≈≈≈≈≈≈m@HT......
≈≈≈≈≈≈.HY.......
≈.≈≈≈≈t#.#......
.(.....#.#......
......><..#.....
..}..##...##...#
≈...≈ ..........
≈≈≈≈≈≈#.........
≈........%.


You could see a snapping turtle, a merfolk, 4 harpies, an ice beast and a
friendly troll (berserk).

Vanquished Creatures
  Gastronok (D:8)
  2 stone giants (D:10)
  4 hydras
  An ice dragon (shapeshifter) (D:10)
  Erica (D:9)
  2 centaur warriors (D:13)
  A death knight (D:13)
  A dancing weapon (Orc:2)
  A deep troll earth mage (D:10)
  3 orc high priests
  A hell knight (D:10)
  The ghost of ajbRad the Basher, a novice GrFi of Okawaru (D:10)
  The ghost of w00t the Cleaver, a novice DsFi of Okawaru (D:8)
  An unseen horror (D:10)
  6 hill giants
  A wizard (D:14)
  2 ugly things
  2 orc knights
  4 orc sorcerers (Orc:2)
  A wolf spider (Lair:4)
  3 cyclopes
  A manticore (D:11)
  3 oklob plants (Lair:4)
  A centaur zombie (D:10)
  3 sirens
  3 elephants (Lair:5)
  A gargoyle (D:12)
  2 black mambas
  Maurice (D:9)
  Psyche (D:9)
  4 spiny frogs
  5 komodo dragons
  2 freezing wraiths (D:13)
  2 merfolk (Lair:3)
  7 trolls
  A queen bee (D:8)
  A two-headed ogre (D:8)
  2 polar bears
  4 hippogriffs
  5 slime creatures (D:13)
  12 blink frogs
  4 dream sheep (Lair:4)
  2 wraiths (D:13)
  Eustachio (D:4)
  A vampire (D:11)
  4 wyverns
  A redback (D:10)
  23 yaks
  3 hungry ghosts
  4 basilisks
  A mottled dragon (D:11)
  5 wargs
  Edmund (D:4)
  9 water moccasins
  3 porcupines
  A hornet zombie (D:12)
  4 sky beasts
  A meliai simulacrum (D:14)
  26 orc warriors
  2 black bears
  3 ice beasts
  11 ogres
  2 necrophages
  4 phantoms
  The ghost of thegoatgodpan the Vexing, an amateur DsEn (D:4)
  10 centaurs
  6 crocodiles
  A big kobold (D:11)
  15 bullfrogs
  2 gnoll sergeants
  Blork the orc (D:4)
  A scorpion (D:10)
  14 killer bees (D:8)
  5 wights (D:13)
  3 electric eels (Lair:2)
  A bullfrog zombie (D:5)
  A quasit (D:14)
  7 crimson imps
  5 hounds
  4 jellies
  A gnoll shaman (D:6)
  21 orc priests
  4 bullfrog skeletons
  27 orc wizards
  Jessica (D:3)
  11 worker ants
  3 iguanas
  8 hell rats (Lair:3)
  A hound zombie (D:7)
  3 hound skeletons
  2 worker ant zombies
  12 adders
  12 gnolls
  11 river rats (Lair:3)
  4 shadow imps
  An ooze (D:6)
  A dart slug (D:1)
  9 leopard geckos
  79 orcs
  6 giant cockroaches
  6 goblins
  17 hobgoblins
  8 jackals
  12 quokkas
  2 ball pythons
  7 bats
  4 frilled lizards
  2 jackal skeletons
  13 kobolds
  A quokka skeleton (D:4)
  A quokka zombie (D:6)
  16 rats
  A bush (D:14)
  A fungus (Lair:5)
602 creatures vanquished.

Vanquished Creatures (collateral kills)
  An orc high priest (Orc:2)
  A harpy (Shoals:1)
  2 orc knights (Orc:2)
  An orc warrior (Orc:2)
  3 orc wizards (Orc:2)
8 creatures vanquished.

Vanquished Creatures (others)
  3 fungi (Lair:2)
  3 plants (Lair:4)
6 creatures vanquished.

Grand Total: 616 creatures vanquished

Notes
Turn   | Place    | Note
-------+----------+-------------------------------------------
     0 | D:1      | Colliwobble the Troll Monk began the quest for the Orb.
     0 | D:1      | Reached XP level 1. HP: 22/22 MP: 0/0
   144 | D:1      | Reached XP level 2. HP: 29/29 MP: 1/1
   358 | D:1      | Reached skill level 4 in Unarmed Combat
   454 | D:1      | Reached XP level 3. HP: 36/36 MP: 2/2
  1148 | D:2      | Found a glowing golden altar of the Shining One.
  1149 | D:2      | Found a bloodstained altar of Trog.
  1162 | D:2      | Became a worshipper of Trog the Wrathful
  1162 | D:2      | Reached * piety under Trog
  1162 | D:2      | Reached ** piety under Trog
  1305 | D:2      | Reached XP level 4. HP: 42/44 MP: 3/3
  1423 | D:3      | Reached skill level 5 in Unarmed Combat
  1995 | D:3      | Noticed Jessica
  2009 | D:3      | Killed Jessica
  2009 | D:3      | Reached XP level 5. HP: 50/50 MP: 4/4
  2011 | D:3      | Reached skill level 6 in Unarmed Combat
  2323 | D:4      | Noticed Edmund
  2332 | D:4      | Killed Edmund
  2332 | D:4      | Reached *** piety under Trog
  2332 | D:4      | Reached skill level 7 in Unarmed Combat
  2332 | D:4      | Reached XP level 6. HP: 59/59 MP: 5/5
  2388 | D:4      | Noticed Blork the orc
  2400 | D:4      | Killed Blork the orc
  2515 | D:4      | Found a glowing silver altar of Zin.
  2690 | D:4      | Reached skill level 8 in Unarmed Combat
  2844 | D:4      | Reached XP level 7. HP: 66/66 MP: 6/6
  2894 | D:4      | Noticed Eustachio
  2929 | D:4      | Killed Eustachio
  3000 | D:4      | Noticed thegoatgodpan's ghost (amateur DsEn)
  3014 | D:4      | Killed thegoatgodpan's ghost
  3095 | D:5      | Entered Level 5 of the Dungeon
  3095 | D:5      | Found Qexutrux's Distillery.
  3109 | D:5      | Reached skill level 9 in Unarmed Combat
  3116 | D:5      | Got a smoking pewter ring
  3125 | D:5      | Identified the cursed ring "Zuumote" {AC-2 Int-2 Dex+4} (You found it on level 5 of the Dungeon)
  3178 | D:5      | Reached XP level 8. HP: 54/74 MP: 7/7
  3180 | D:5      | Reached skill level 10 in Unarmed Combat
  3891 | D:6      | Reached skill level 11 in Unarmed Combat
  3932 | D:6      | Found Xaitt's Book Shoppe.
  4112 | D:6      | Reached **** piety under Trog
  4151 | D:6      | Reached XP level 9. HP: 80/80 MP: 8/8
  4231 | D:6      | Reached skill level 12 in Unarmed Combat
  4456 | D:7      | Found a staircase to the Ecumenical Temple.
  4523 | D:7      | Found a blossoming altar of Fedhas.
  4651 | D:7      | Got a pitted scimitar
  4652 | D:7      | Identified the +7 scimitar "Wioneops" {drain, +Inv MR+} (You found it on level 7 of the Dungeon)
  4892 | D:7      | Found a sparkling altar of Nemelex Xobeh.
  4926 | D:8      | Noticed w00t's ghost (novice DsFi)
  4937 | D:8      | Killed w00t's ghost
  4937 | D:8      | Reached skill level 5 in Fighting
  5027 | D:8      | Reached skill level 13 in Unarmed Combat
  5264 | D:8      | Reached XP level 10. HP: 94/96 MP: 9/9
  5525 | D:8      | Noticed Gastronok
  5550 | D:8      | Killed Gastronok
  5674 | D:8      | Found a radiant altar of Vehumet.
  5949 | D:9      | Noticed Erica
  5962 | D:9      | Killed Erica
  5962 | D:9      | Reached skill level 14 in Unarmed Combat
  6030 | D:9      | Found a staircase to the Lair.
  6156 | D:9      | Noticed Psyche
  6162 | D:9      | Killed Psyche
  6162 | D:9      | Reached XP level 11. HP: 111/111 MP: 10/10
  6697 | D:9      | Reached ***** piety under Trog
  6879 | D:9      | Noticed Maurice
  6885 | D:9      | Killed Maurice
  7048 | Lair:1   | Entered Level 1 of the Lair of Beasts
  7664 | Lair:1   | Found a shimmering altar of Xom.
  7978 | Lair:2   | Reached skill level 15 in Unarmed Combat
  8020 | Lair:2   | Got a dazzling flail
  8021 | Lair:2   | Identified the +7 flail of Keemnyth {flame, rN+ Str+2 Int+4 SInv} (You found it on level 2 of the Lair of Beasts)
  9072 | Lair:3   | Reached skill level 5 in Dodging
  9140 | Lair:3   | Noticed a five-headed hydra
  9148 | Lair:3   | HP: 7/169 [five-headed hydra (3)]
  9149 | Lair:3   | Killed a five-headed hydra
  9442 | Lair:3   | Found a staircase to the Shoals.
  9448 | Lair:3   | Reached XP level 12. HP: 116/122 MP: 11/11
 10123 | Lair:3   | Received a gift from Trog
 10294 | Lair:4   | Noticed a four-headed hydra
 10308 | Lair:4   | Killed a four-headed hydra
 10397 | Lair:4   | Reached skill level 1 in Throwing
 10413 | Lair:4   | Reached skill level 16 in Unarmed Combat
 10424 | Lair:4   | Got a crude robe
 10425 | Lair:4   | Identified the +5 robe "Cimmoelus" {*Slow rC+ Int+3} (You found it on level 4 of the Lair of Beasts)
 10520 | Lair:3   | Identified a scroll of acquirement
 10643 | Lair:4   | Noticed a five-headed hydra
 10651 | Lair:4   | Killed a five-headed hydra
 11015 | Lair:4   | Found a hole to the Spider Nest.
 11302 | Lair:5   | Noticed a five-headed hydra
 11311 | Lair:5   | Killed a five-headed hydra
 11411 | Lair:5   | Found a viscous altar of Jiyva.
 11412 | Lair:5   | Found a staircase to the Slime Pits.
 11823 | Lair:5   | Reached skill level 5 in Throwing
 12070 | Lair:5   | Reached XP level 13. HP: 45/128 MP: 12/12
 12616 | D:10     | Entered Level 10 of the Dungeon
 12740 | D:10     | Noticed a stone giant
 12742 | D:10     | Noticed a stone giant
 12907 | D:10     | Reached skill level 17 in Unarmed Combat
 12959 | D:10     | Noticed ajbRad's ghost (novice GrFi)
 12964 | D:10     | Killed ajbRad's ghost
 12964 | D:10     | Reached skill level 1 in Shields
 13168 | D:11     | Found a staircase to the Orcish Mines.
 13644 | D:11     | Found Tulu's General Store.
 13670 | D:11     | Bought a +1 cloak of poison resistance for 175 gold pieces
 13693 | D:11     | Received a gift from Trog
 13755 | D:11     | Reached XP level 14. HP: 137/137 MP: 13/13
 13985 | Orc:1    | Entered Level 1 of the Orcish Mines
 14642 | Orc:2    | Entered Level 2 of the Orcish Mines
 15053 | Orc:2    | Found Lorhur's Book Shop.
 15092 | Orc:2    | Found a staircase to the Elven Halls.
 15127 | Orc:2    | Received a gift from Trog
 15130 | Orc:2    | Found Xaimaf's Antique Weapon Boutique.
 15230 | Orc:2    | Gained mutation: You are clumsy. (Dex -2) [a neqoxec]
 15341 | Orc:2    | Found Egivuhacvu's Antique Weapon Boutique.
 15363 | Orc:2    | Reached skill level 5 in Shields
 15398 | Orc:2    | Found Woutel's Antique Weapon Shoppe.
 15398 | Orc:2    | Found Ceecowko's Antique Armour Shoppe.
 15759 | D:12     | Got a coiled jade ring
 15778 | D:12     | Found a portal to a secret trove of treasure.
 16769 | D:13     | Received a gift from Trog
 17153 | D:13     | Reached XP level 15. HP: 145/145 MP: 14/14
 17225 | D:14     | Reached ****** piety under Trog
 17776 | D:10     | Received a gift from Trog
 17810 | D:10     | Got a crude giant spiked club {god gift}
 17822 | D:10     | Identified the ring "Gehae" {rPois rN+ SInv} (You found it on level 12 of the Dungeon)
 18396 | Shoals:1 | Entered Level 1 of the Shoals
 18410 | Shoals:1 | HP: 7/145 [harpy (3)]
 18410 | Shoals:1 | HP: 3/145 [ice beast[an ice statue] (2)]
 18410 | Shoals:1 | Slain by an ice beast

Skill      XL: |  1  2  3  4  5  6  7  8  9 10 11 12 13 14 15 |
---------------+----------------------------------------------+-----
Unarmed Combat | 4 5 7 8 9 11 13 14 15 16 17 | 17.6
Fighting       | 5 7 8 |  8.6
Dodging        | 5 6 8 |  8.6
Throwing       | 5 7 9 |  9.3
Shields        | 3 6 7 |  7.6
Stealth        | |  1.0

Action                   |  1- 3 |  4- 6 |  7- 9 | 10-12 | 13-15 || total
-------------------------+-------+-------+-------+-------+-------++-------
Melee: Unarmed           |    93 |   135 |   281 |   485 |   755 ||  1749
       Punch             |       |     7 |    10 |    27 |       ||    44
       Flail             |       |       |       |    16 |     8 ||    24
Throw: Large rock        |       |     1 |     2 |    29 |       ||    32
Invok: Berserk           |       |     2 |     4 |     7 |     7 ||    20
       Trog's Hand       |       |       |     4 |     2 |     5 ||    11
       Brothers in Arms  |       |       |       |       |     3 ||     3
Evoke: Wand              |       |       |     1 |       |     3 ||     4
  Use: Scroll            |       |     1 |     6 |    23 |     8 ||    38
       Potion            |       |       |       |       |     1 ||     1
 Stab: Sleeping          |     1 |     1 |    11 |     8 |    11 ||    32
       Distracted        |       |       |       |     1 |     1 ||     2
  Eat: Chunk             |    17 |    17 |    24 |    75 |    72 ||   205
Armor: Robe              |    42 |    38 |   132 |   121 |    24 ||   357
       Troll leather arm |       |       |       |       |   177 ||   177
Dodge: Dodged            |    58 |    52 |   139 |   192 |   267 ||   708
Block: Shield            |       |       |       |    42 |   332 ||   374
       Reflection        |       |       |       |       |    18 ||    18
